Map: [ESL] Ancient Cistern

Players

Has - Winner!

  • Race: Protoss Protoss
  • Spawn Location: 1:00

Firefly

  • Race: Protoss Protoss
  • Spawn Location: 7:00

Event: ESL SC2 Masters 2023 Summer (Regionals)

VOD

Have the link to the VOD?

Description

Time

  • Played on: May 12, 2023, 7:25 a.m.
  • Length: 10:08

All games in this series

Show
View Real Time Build Order
Export as new Build Order

Has Protoss - Winner!

Build Orders: Blink Stalkers 

Get SALT Encoding   

  12  0:00  Probe  
  13  0:12  Probe  
  14  0:18  Pylon  
  14  0:24  Probe (Chrono Boost)  
  15  0:37  Probe (Chrono Boost), Gateway  
  15  0:42  Probe (Chrono Boost)  
  16  0:45  Assimilator  
  17  0:51  Assimilator  
  17  0:54  Probe  
  18  1:06  Probe (Chrono Boost)  
  18  1:07  Gateway  
  19  1:17  Probe (Chrono Boost)  
  20  1:21  Probe (Chrono Boost)  
  20  1:24  Cybernetics Core  
  21  1:29  Pylon  
  21  1:32  Probe  
  22  1:44  Probe  
  23  1:56  Probe  
  23  2:01  Warp Gate  
  24  2:03  Stalker  
  24  2:04  Stalker  
  28  2:09  Pylon  
  28  2:29  Twilight Council  
  28  2:46  Nexus  
  27  2:52  Stalker  
  30  3:00  Stalker  
  30  3:01  Blink (Chrono Boost)  
  31  3:14  Probe  
  32  3:24  Gateway  
  32  3:30  Pylon  
  32  3:34  Probe  
  33  3:47  Probe  
  34  3:51  Stalker  
  34  3:52  Stalker  
  38  3:59  Probe x2  
  39  4:20  Stalker x2  
  39  4:21  Stalker  
  45  4:25  Probe  
  45  4:26  Probe  
  48  4:44  Stalker x3  
  53  4:46  Probe  
  53  4:50  Probe  
  55  4:58  Probe  
  56  5:02  Probe  
  49  5:11  Probe (Chrono Boost)  
  46  5:16  Stalker x2  
  46  5:17  Stalker  
  53  5:23  Probe (Chrono Boost)  
  53  5:24  Probe (Chrono Boost), Robotics Facility  
  53  5:27  Pylon  
  54  5:29  Probe x2 (Chrono Boost)  
  56  5:37  Probe  
  58  5:46  Stalker x2  
  58  5:48  Stalker  
  63  5:51  Pylon  
  63  5:53  Assimilator  
  63  5:54  Probe  
  63  5:56  Probe  
  65  6:03  Pylon  
  65  6:12  Observer (Chrono Boost)  
  65  6:15  Nexus  
  66  6:19  Dark Shrine  
  66  6:22  Probe x2  
  66  6:25  Observer (Chrono Boost)  
  68  6:30  Pylon, Shield Battery  
  69  6:34  Probe x2  
  69  6:39  Forge  
  71  6:42  Pylon  
  71  6:46  Probe  
  72  6:50  Probe  
  73  6:58  Probe  
  73  7:00  Pylon  
  74  7:02  Probe  
  74  7:07  Adept x2  
  79  7:10  Probe  
  79  7:12  Stalker  
  79  7:14  Probe  
  82  7:22  Probe  
  83  7:25  Gateway  
  83  7:28  Gateway  
  84  7:30  Protoss Ground Weapons Level 1 (Chrono Boost)  
  84  7:31  Gateway  
  84  7:32  Immortal (Chrono Boost)  
  84  7:35  Gateway  
  87  7:46  Stalker x3  
  87  7:49  Probe x2  
  91  7:54  Probe  
  91  7:56  Charge (Chrono Boost)  
  90  8:02  Probe, Pylon  
  90  8:05  Pylon  
  91  8:07  Photon Cannon  
  91  8:08  Photon Cannon  
  91  8:16  Stalker x2  
  95  8:20  Stalker  
  97  8:28  Stalker x2  
  97  8:32  Observer (Chrono Boost)  
  101  8:39  Probe  
  86  8:46  Stalker x4  
  82  8:57  Observer (Chrono Boost)  
  82  9:03  Stalker x3  
  82  9:09  Photon Cannon  
  88  9:12  Pylon, Stalker x2  
  88  9:13  Zealot  
  88  9:16  Probe x2  
  96  9:17  Observer  
  96  9:21  Probe  
  94  9:31  Zealot x4  
  102  9:42  Observer (Chrono Boost)  
  94  9:49  Stalker x3  
  95  9:54  Probe  
  95  9:55  Probe  
Show
View Real Time Build Order
Export as new Build Order

Firefly Protoss 

Build Orders: Oracle Opening, Blink Stalkers 

Get SALT Encoding   

  12  0:00  Probe  
  13  0:12  Probe  
  14  0:17  Pylon  
  14  0:24  Probe (Chrono Boost)  
  15  0:36  Probe (Chrono Boost), Gateway  
  16  0:44  Probe (Chrono Boost)  
  16  0:46  Assimilator  
  17  0:51  Probe  
  18  1:03  Probe (Chrono Boost)  
  19  1:04  Assimilator  
  19  1:12  Gateway  
  19  1:15  Probe (Chrono Boost)  
  20  1:21  Probe (Chrono Boost)  
  20  1:23  Cybernetics Core  
  21  1:29  Probe  
  22  1:37  Pylon  
  22  1:41  Probe  
  23  2:00  Stalker x2  
  23  2:01  Warp Gate  
  27  2:07  Pylon  
  27  2:18  Probe  
  28  2:24  Twilight Council  
  28  2:29  Stalker  
  28  2:34  Stalker  
  32  3:02  Nexus  
  32  3:03  Blink (Chrono Boost)  
  31  3:14  Probe  
  32  3:20  Pylon  
  32  3:26  Probe  
  33  3:29  Sentry  
  35  3:38  Probe  
  36  3:50  Probe, Stalker  
  36  3:54  Oracle  
  39  4:00  Stalker  
  41  4:03  Probe  
  42  4:13  Stalker  
  42  4:15  Probe x2  
  46  4:26  Stalker  
  46  4:27  Probe  
  46  4:28  Probe  
  50  4:36  Robotics Facility, Stalker  
  50  4:44  Shield Battery  
  50  4:45  Shield Battery  
  50  4:59  Stalker x2  
  44  5:13  Probe x2  
  42  5:22  Stalker x2  
  48  5:31  Oracle  
  48  5:34  Immortal (Chrono Boost)  
  50  5:50  Dark Shrine  
  50  5:56  Probe x2  
  52  6:03  Warp Prism (Chrono Boost)  
  54  6:13  Pylon  
  54  6:26  Gateway  
  54  6:30  Gateway  
  54  6:31  Probe x2  
  54  6:32  Observer (Chrono Boost)  
  57  6:46  Observer  
  59  6:53  Pylon  
  59  6:55  Immortal (Chrono Boost)  
  59  6:56  Shield Battery  
  59  6:57  Probe  
  62  7:14  Dark Templar  
  60  7:15  Dark Templar x2  
  60  7:17  Probe  
  60  7:18  Probe  
  60  7:20  Assimilator  
  60  7:21  Gateway  
  66  7:24  Warp Prism (Chrono Boost)  
  69  7:30  Probe  
  69  7:34  Pylon  
  67  7:37  Stalker  
  67  7:41  Probe  
  67  7:56  Stalker x3  
  69  8:07  Pylon  
  69  8:25  Stalker x2  
  69  8:26  Stalker x2  
  77  8:29  Pylon  
  77  8:37  Observer  
  67  8:46  Stalker x2  
  59  9:04  Dark Templar x2  
  64  9:10  Probe  
  64  9:11  Observer  
  64  9:16  Probe  
  63  9:22  Stalker x3  
  65  9:36  Stalker x2  
  61  9:52  Probe x2  
  55  10:03  Nexus  
Tags
 
Add a new tag
Caveats
  • Supply blocks, unpowered buildings, or Contaminate may cause inaccurate times.
  • Supply counts are checked every 10 seconds.